 Dungeon Crawl Stone Soup version 0.21.1-1-g345015fe64 (webtiles) character file.

77 Htamos the Magician (level 4, -2/24 HPs)
             Began as a Deep Elf Conjurer on July 12, 2018.
             Slain by a gnoll
             ... wielding a +0 halberd
              (15 damage)
             ... on level 2 of the Dungeon.
             The game lasted 00:02:31 (1076 turns).

Htamos the Magician (Deep Elf Conjurer)             Turns: 1076, Time: 00:02:32

Health: -2/24      AC:  2    Str:  5    XL:     4   Next: 14%
Magic:  1/14       EV: 13    Int: 21    God:
Gold:   56         SH:  0    Dex: 15    Spells: 14/15 levels left

rFire    . . .     SeeInvis .   f - +2 dagger (holy)
rCold    . . .     Gourm    .   (no shield)
rNeg     . . .     Faith    .   a - +0 robe
rPois    .         Spirit   .   (no helmet)
rElec    .         Reflect  .   (no cloak)
rCorr    .         Harm     .   (no gloves)
MR       .....                  (no boots)
Stlth    ++........             (no amulet)
HPRegen  0.08/turn              (no ring)
MPRegen  0.14/turn              (no ring)

@: no status effects
A: no striking features
a: no special abilities


You were on level 2 of the Dungeon.
You were not hungry.

You visited 1 branch of the dungeon, and saw 2 of its levels.

You collected 56 gold pieces.

Inventory:

Hand Weapons
 d - a +0 dagger
 e - a +0 hunting sling
 f - a +2 dagger of holy wrath (weapon)
Missiles
 g - 2 throwing nets (quivered)
Armour
 a - a +0 robe (worn)
Scrolls
 i - a scroll of amnesia {unknown}
Potions
 h - a potion of resistance {unknown}
Books
 b - a book of Conjurations

   Spells                             Type                      Level
   a - Magic Dart                     Conjuration                  1
   b - Searing Ray                    Conjuration                  2
   c - Dazzling Spray                 Conjuration/Hexes            3
   d - Fulminant Prism                Conjuration/Hexes            4
   e - Force Lance                    Conjuration/Translocation    4
   f - Iskenderun's Mystic Blast      Conjuration                  4
Comestibles
 c - 3 rations
 j - 5 chunks of flesh


   Skills:
 - Level 2.4 Dodging
 - Level 2.4 Stealth
 + Level 6.1 Spellcasting
 - Level 4.3 Conjurations


You had 14 spell levels left.
You knew the following spells:

 Your Spells              Type           Power        Failure   Level  Hunger
a - Magic Dart            Conj           ###.         1%          1    None


Dungeon Overview and Level Annotations

Branches:
Dungeon (2/15)

Altars:
Elyvilon
Wu Jian


Message History

The magic dart hits the gnoll.
The gnoll is lightly wounded.
Casting: Magic Dart
Confirm with . or Enter, or press ? or * to list all spells.
Aiming: Magic Dart
Press: ? - help, Shift-Dir - straight line, f/p - gnoll
Aim: a gnoll, wielding a halberd (lightly wounded)
The magic dart hits the gnoll.
The gnoll is heavily wounded.
The gnoll misses you.
Casting: Magic Dart
Confirm with . or Enter, or press ? or * to list all spells.
Aiming: Magic Dart
Press: ? - help, Shift-Dir - straight line, f/p - gnoll
Aim: a gnoll, wielding a halberd (heavily wounded)
The magic dart hits the gnoll.
The gnoll is severely wounded.
The gnoll hits you from afar with a halberd!
Ouch! That really hurt!
You die...

........# #.......# .....##.# #
#.......##### .....##.#####.#
#............ .>.............
#####............ ....†......)...
#................ ...............
#................ ...............
#.......###......
........#########.......#......<.
..............g.@.......#........
........#########.......#........
........# #.......#........
........# #...<...#########
........# #.......# ........#
#.......#
........#########.......#
...............##########
#####..........#######


You could see a gnoll.

Vanquished Creatures
  2 gnolls (D:2)
  An adder (D:2)
  2 oozes (D:1)
  A worm (D:2)
  2 dart slugs
  2 leopard geckos
  3 goblins
  6 hobgoblins
  A quokka (D:2)
  A ball python (D:1)
  4 bats
  A frilled lizard (D:1)
  5 kobolds (D:1)
  4 rats
35 creatures vanquished.

Notes
Turn   | Place    | Note
-------+----------+-------------------------------------------
     0 | D:1      | Htamos the Deep Elf Conjurer began the quest for the Orb.
     0 | D:1      | Reached XP level 1. HP: 10/10 MP: 6/6
   124 | D:1      | Reached skill level 4 in Spellcasting
   124 | D:1      | Reached XP level 2. HP: 15/15 MP: 3/9
   498 | D:1      | Reached XP level 3. HP: 19/19 MP: 3/11
   578 | D:1      | Reached skill level 5 in Spellcasting
   915 | D:2      | Found a white marble altar of Elyvilon.
   980 | D:2      | Found an ornate altar of the Wu Jian Council.
  1045 | D:2      | Reached XP level 4. HP: 24/24 MP: 5/13
  1051 | D:2      | Reached skill level 6 in Spellcasting
  1076 | D:2      | Slain by a gnoll

Skill      XL: |  1  2  3  4 |
---------------+-------------+-----
Spellcasting   | 4 5 6 |  6.1
Dodging        | |  2.4
Stealth        | |  2.4
Conjurations   | |  4.3

Action                   |  1- 3 |  4- 6 || total
-------------------------+-------+-------++-------
 Cast: Magic Dart        |    74 |     9 ||    83
Dodge: Dodged            |     9 |     1 ||    10
